 Dungeon Crawl Stone Soup version 0.23.2-33-g5129a83184 (webtiles) character file.

Game seed: 17338801774311593912

49 redmage the Skirmisher (level 3, -1/20 HPs)
             Began as a Vine Stalker Fighter on June 27, 2019.
             Killed by divine providence
             ... invoked by an orc priest
              (8 damage)
             ... on level 3 of the Dungeon.
             The game lasted 00:02:30 (236 turns).

redmage the Skirmisher (Vine Stalker Fighter)        Turns: 236, Time: 00:02:31

Health: -1/20      AC:  8    Str: 18    XL:     3   Next: 75%
Magic:  0/4        EV:  7    Int:  8    God:
Gold:   11         SH:  9    Dex: 14    Spells: 2/2 levels left

rFire    . . .     SeeInvis .   a - +0 long sword
rCold    . . .     Gourm    .   c - +0 shield
rNeg     . . .     Faith    .   b - +0 scale mail
rPois    .         Spirit   +   (no helmet)
rElec    .         Reflect  .   (no cloak)
rCorr    .         Harm     .   h - +1 pair of gloves
MR       .....                  (no boots)
Stlth    ..........             (no amulet)
HPRegen  0.06/turn              (no ring)
MPRegen  0.09/turn              (no ring)

@: no status effects
A: fangs 2, magic shield, antimagic bite, no potion heal 3, rot immunity
a: no special abilities


You were on level 3 of the Dungeon.
You were not hungry.

You visited 1 branch of the dungeon, and saw 3 of its levels.

You collected 11 gold pieces.

Inventory:

Hand Weapons
 a - a +0 long sword (weapon)
Missiles
 g - 8 javelins (quivered)
Armour
 b - a +0 scale mail (worn)
 c - a +0 shield (worn)
 h - a +1 pair of gloves (worn)
Scrolls
 e - 2 scrolls of teleportation {unknown}
 i - a scroll of fog {unknown}
Potions
 d - a potion of might
Comestibles
 f - 2 rations


   Skills:
 + Level 3.1 Fighting
 * Level 2.6 Long Blades
 - Level 2.5 Armour
 + Level 1.0 Dodging
 - Level 2.8 Shields


You had 2 spell levels left.
You didn't know any spells.
Your spell library was empty.

Dungeon Overview and Level Annotations

Branches:
Dungeon (3/15)

Altars:


Innate Abilities, Weirdness & Mutations

You have extremely sharp teeth.
When hurt, damage is shared between your health and your magic reserves.
Your bite disrupts and absorbs the magic of your enemies.
Potions cannot restore your health.
You are immune to rotting.


Message History

Your Dodging skill increases to level 1!
You have reached level 3!
Your experience leads to an increase in your attributes!
Increase (S)trength, (I)ntelligence, or (D)exterity?
You feel agile.
An orc priest comes into view. It is wielding a +0 hand axe.
The orc priest shouts!
You hear an angry hiss.
You hear a shout! x2
A leopard gecko comes into view.
You hear a shout!
A goblin, 2 orcs and an orc priest come into view.
The hobgoblin shouts!
The goblin shouts!
The orc shouts! x2
The orc priest shouts!
The goblin unwields a +0 dagger.
The goblin wields a +0 hunting sling.
The goblin shoots a stone.
The stone hits you but does no damage.
An orc comes into view. It is wielding a +0 dagger.
The orc moves out of view.
You see here a stone.
The orc priest mumbles some strange prayers to Beogh against you.
Beogh smites you!
You die...

#.........<....##
##............#.#
# #....#........#
..
#....#[###.##.#
... .....†.#
#.##.# ....
.......#
#.##.#### l....
......##
#.#.....##.....g
#...###
#.#.###.(g..oo..
#...# #...#
#@##...... ##.##
###(###.# .#.o.
#.# #.....# # o
#.# ###.### #.#
#.# #.# ### #.#
#.


You could see an orc priest, an orc, a leopard gecko and a hobgoblin.

Vanquished Creatures
  A bullfrog zombie (D:3)
  An ooze (D:1)
  An orc (D:3)
  4 jackals (D:3)
  A quokka (D:2)
  A kobold (D:2)
  A rat (D:2)
10 creatures vanquished.

Notes
Turn   | Place    | Note
-------+----------+-------------------------------------------
     0 | D:1      | redmage the Vine Stalker Fighter began the quest for the
                  | Orb.
     0 | D:1      | Reached XP level 1. HP: 11/11 MP: 2/2
   157 | D:2      | Reached XP level 2. HP: 16/16 MP: 3/3
   232 | D:3      | Reached skill level 3 in Fighting
   232 | D:3      | Reached skill level 1 in Dodging
   232 | D:3      | Reached XP level 3. HP: 6/20 MP: 4/4
   236 | D:3      | Killed from afar by an orc priest

Skill      XL: |  1  2 |
---------------+-------+-----
Long Blades    | 2 |  2.6
Fighting       | 3 |  3.1
Dodging        | 1 |  1.0
Armour         | |  2.5
Shields        | |  2.8

Action                   || total
-------------------------++-------
Melee: Long sword        ||    38
       Bite              ||    10
Armor: Scale mail        ||    20
Dodge: Dodged            ||     9
Block: Shield            ||    25
       Rpst.: Long sword ||     2
